 Dungeon Crawl Stone Soup version 0.25.0-11-g1f837a76a1 (webtiles) character file.

Game seed: 1440278684527036412

118 sanka the Grave Robber (level 5, -2/28 HPs)
             Began as a Kobold Necromancer on June 27, 2020.
             Was an Initiate of Ru.
             Slain by an orc
             ... wielding a +0 flail
              (6 damage)
             ... on level 3 of the Dungeon.
             The game lasted 00:08:56 (3307 turns).

sanka the Grave Robber (Kobold Necromancer)         Turns: 3307, Time: 00:08:56

Health: -2/28      AC:  3    Str:  5    XL:     5   Next: 23%
Magic:  7/9        EV: 15    Int: 17    God:    Ru [......]
Gold:   80         SH:  0    Dex: 16    Spells: 5/10 levels left

rFire    . . .     SeeInvis .   h - +0 hand axe (curse)
rCold    . . .     Gourm    .   (shield restricted)
rNeg     . . .     Faith    .   a - +0 robe
rPois    .         Spirit   .   n - +0 helmet
rElec    .         Reflect  .   (no cloak)
rCorr    .         Harm     .   (no gloves)
MR       .....     Clarity  +   (no boots)
Stlth    ++........             (no amulet)
HPRegen  0.09/turn              j - ring of wizardry
MPRegen  0.11/turn              (no ring)

@: no status effects
A: small, claws 1, carnivore, clarity
a: Renounce Religion


You were on level 3 of the Dungeon.
You worshipped Ru.
Ru was noncommittal.
You were very full.

You visited 1 branch of the dungeon, and saw 3 of its levels.

You collected 80 gold pieces.


Innate Abilities, Weirdness & Mutations

You are small and have problems with some larger weapons.
You are carnivorous and can eat meat at any time.
You have sharp fingernails.
You possess an exceptional clarity of mind.


   Skills:
 * Level 0.1 Fighting
 * Level 2.4 Dodging
 - Level 2.6 Stealth
 - Level 3.0 Spellcasting
 + Level 5.7 Necromancy


You had 5 spell levels left.
You knew the following spells:

 Your Spells              Type           Power        Failure   Level  Hunger
x - Vampiric Draining     Necr           ###.......   1%          3    ###....
z - Pain                  Necr           ###.         1%          1    None
Z - Animate Skeleton      Necr           N/A          1%          1    None

Your spell library contained the following spells:

 Spells                   Type           Power        Failure   Level  Hunger
 Animate Dead             Necr           N/A          6%          4    ####...
 Agony                    Necr           ###.....     17%         5    ######.

Inventory:

Hand Weapons
 e - a +0 mace
 h - a cursed +0 hand axe (weapon)
Missiles
 b - 116 stones (quivered)
Armour
 a - a +0 robe (worn)
 n - a +0 helmet (worn)
Jewellery
 j - a ring of wizardry (left claw)
Scrolls
 f - a scroll of blinking
 g - 2 scrolls of enchant weapon
 i - 2 scrolls of amnesia
 k - 5 scrolls of teleportation {@r4}
 l - 2 scrolls of remove curse
 o - a scroll of immolation {unknown}
Potions
 m - a potion of brilliance {unknown}
 p - a potion of lignification {unknown}
 q - 2 potions of stabbing {unknown}
 r - a potion of invisibility {unknown}
Comestibles
 c - 6 rations

Dungeon Overview and Level Annotations

Branches:
Dungeon (3/15)

Altars:
Makhleb
Ru
Trog

....▒▒▒▒.▒▒▒......▒▒▒..▒▒.▒
▒)▒▒▒▒..o▒..........▒▒.▒▒.▒▒▒▒
..r....r...▒.▒▒▒..............
▒.)....▒▒▒▒..▒
▒.................
▒▒▒.......▒.▒▒
▒.........▒▒...... ▒▒....▒.▒.▒
▒[......w.▒ ..... ▒▒.....▒.▒
▒..ho.....▒ ▒.... ▒..▒..▒.▒
▒.........▒ ▒.▒▒. ▒▒▒▒..▒▒...▒▒
▒Koo......▒ ▒▒.▒..
▒>..[.......▒▒▒▒.▒▒▒▒▒.▒▒▒▒..▒..
▒.....o...▒....▒.▒▒▒▒...........
▒...............................
▒.........▒▒▒▒.▒.......▒▒▒▒.▒▒..
▒..........▒........▒▒..▒▒▒.▒▒..
▒...........................▒...
▒...........................▒...
▒..▒▒▒▒▒.▒....................▒.


You could see a worm, 3 orcs and a jackal.


Message History

The orc writhes in agony.
You kill the orc!
You see here a +0 whip.
There is a stone staircase leading down here.
You start resting.
Magic restored.
HP restored.
You climb downwards.
A jackal comes into view.
The orc hits you with a +0 flail!
The jackal barks!
There is a stone staircase leading up, spattered with blood here.
Unknown command.
Aiming: Pain (safe; 1% risk of failure)
Aim: an orc, wielding a +0 flail and wearing a +0 ring mail (chance to defeat MR: 91%)
The orc writhes in agony.
The orc shouts!
The orc shouts!
The orc hits you with a +0 flail!
* * * LOW HITPOINT WARNING * * *
Aiming: Pain (safe; 1% risk of failure)
Aim: an orc, wielding a +0 flail and wearing a +0 ring mail (lightly wounded, chance to defeat MR: 91%)
The orc writhes in agony.
The orc closely misses you.
The orc throws a boomerang.
The boomerang hits you.
* * * LOW HITPOINT WARNING * * *
The weapon returns to the orc!
The orc hits you with a +0 flail.
You die...

Action                   |  1- 3 |  4- 6 || total
-------------------------+-------+-------++-------
Melee: Hand axe          |    10 |    18 ||    28
Throw: Stone             |    11 |       ||    11
 Cast: Pain              |    52 |    19 ||    71
       Animate Skeleton  |    12 |     7 ||    19
       Vampiric Draining |     1 |     3 ||     4
  Use: Potion            |     3 |       ||     3
       Scroll            |     6 |       ||     6
 Stab: Distracted        |     1 |       ||     1
  Eat: Chunk             |    12 |     3 ||    15
Armor: Robe              |     1 |     4 ||     5
Dodge: Dodged            |    30 |    32 ||    62

Levels and vault maps discovered:
D:1:      dpeg_arrival_erosion, layout_basic, st_stairs_12
D:2:      layout_loops_ring, overflow_temple_1_default, hangedman_ru_absence,
          first_ration
D:3:      layout_rooms, bloody_trog

Notes
Turn   | Place    | Note
-------+----------+-------------------------------------------
     0 | D:1      | sanka the Kobold Necromancer began the quest for the Orb.
     0 | D:1      | Reached XP level 1. HP: 10/10 MP: 3/3
    91 | D:1      | Learned a level 1 spell: Animate Skeleton
   271 | D:1      | Reached XP level 2. HP: 13/15 MP: 1/5
  1017 | D:2      | Found a sacrificial altar of Ru.
  1024 | D:2      | Became a worshipper of Ru the Awakened
  1176 | D:2      | Noticed a bullfrog
  1184 | D:2      | Gained mutation: You have sharp fingernails. [potion of
                  | mutation]
  1184 | D:2      | Gained mutation: You possess an exceptional clarity of
                  | mind. [potion of mutation]
  1309 | D:3      | Reached XP level 3. HP: 19/19 MP: 5/7
  1314 | D:3      | Learned a level 3 spell: Vampiric Draining
  1384 | D:3      | Reached skill level 3 in Spellcasting
  1744 | D:3      | Found a bloodstained altar of Trog.
  1892 | D:3      | Reached skill level 5 in Necromancy
  1892 | D:3      | Reached XP level 4. HP: 15/24 MP: 0/8
  2389 | D:2      | Found a burning altar of Makhleb.
  2403 | D:2      | Killed a bullfrog
  2403 | D:2      | Reached XP level 5. HP: 22/28 MP: 2/9
  3307 | D:3      | Slain by an orc

Vanquished Creatures
  A bullfrog (D:2)
  An adder (D:3)
  A worm (D:3)
  2 dart slugs
  A leopard gecko (D:1)
  4 orcs
  7 bats
  5 goblins
  4 hobgoblins
  2 jackals (D:3)
  3 quokkas
  A ball python (D:2)
  A kobold (D:3)
  8 rats
41 creatures vanquished.

Vanquished Creatures (collateral kills)
  An adder (D:3)
  A frilled lizard (D:3)
2 creatures vanquished.

Grand Total: 43 creatures vanquished
